 Dungeon Crawl Stone Soup version 0.20.0-7-g3b7b877 (webtiles) character file.

234 straycat the Skirmisher (level 5, 0/64 HPs)
             Began as a Vampire Wanderer on May 29, 2017.
             Succumbed to a killer bee's poison
             ... on level 3 of the Dungeon.
             The game lasted 00:24:04 (3913 turns).

straycat the Skirmisher (Vampire Wanderer)          Turns: 3913, Time: 00:24:05

Health: 0/64       AC: 11    Str: 18    XL:     5   Next: 75%
Magic:  5/5        EV: 11    Int: 12    God:
Gold:   125        SH:  0    Dex: 15    Spells: 4/4 levels left

rFire    . . .     SeeInvis +   c - +0 falchion
rCold    + . .     Gourm    .   (no shield)
rNeg     + + .     Faith    .   D - +0 scale mail
rPois    +         Spirit   .   y - +1 helmet
rElec    .         Reflect  .   (no cloak)
rCorr    .         Harm     .   (no gloves)
MR       .....                  u - +2 pair of boots
Stlth    ..........             k - amulet of rage
Regen    0.1/turn               C - ring of flight
MPRegen  0.1/turn               (no ring)

@: berserking (expiring), lethally poisoned (0 -> -9), regenerating slowly, very
quick
A: fangs 3, see invisible, unbreathing
a: Bat Form, Evoke Berserk Rage, Evoke Flight


You were on level 3 of the Dungeon.
You were very thirsty.

You visited 1 branch of the dungeon, and saw 4 of its levels.

You collected 125 gold pieces.

Inventory:

Hand Weapons
 a - a +2 quarterstaff
 c - a +0 falchion (weapon)
 n - a +3 dagger of venom
 t - a cursed +0 trident
Missiles
 g - 29 sling bullets
 h - 13 javelins (quivered)
 l - 14 poisoned needles
 p - 3 exploding tomahawks
 s - 48 stones
 w - 56 arrows
Armour
 j - a +0 leather armour
 u - a +2 pair of boots (worn)
 y - a +1 helmet (worn)
 D - a +0 scale mail (worn)
Jewellery
 k - an amulet of rage (around neck)
 v - an uncursed amulet of faith
 B - an uncursed amulet of magic regeneration
 C - a ring of flight (left hand)
Wands
 o - a wand of polymorph (4/24)
Scrolls
 b - a scroll of amnesia
 m - 2 scrolls of teleportation
Potions
 d - a potion of brilliance {unknown}
 e - 16 potions of blood
 i - a potion of degeneration {unknown}
 z - 2 potions of lignification


   Skills:
 + Level 4.9 Fighting
 * Level 2.8 Long Blades
 - Level 1.0 Staves
 + Level 1.7 Armour
 * Level 3.1 Dodging
 * Level 3.7 Stealth
   Level 1.7 Shields


You had 4 spell levels left.
You didn't know any spells.

Dungeon Overview and Level Annotations

Branches:
Dungeon (4/15)
 Temple: D:4-7

Altars:
Cheibriados
Trog


Innate Abilities, Weirdness & Mutations

You heal slowly.
You have razor-sharp teeth.
You have supernaturally acute eyesight. (SInv)
You can survive without breathing.


Message History

You slash the killer bee! Your bite misses the killer bee.
The killer bee is almost dead.
You feel sick. The killer bee closely misses you.
The killer bee barely misses you.
You riposte.
You miss the killer bee.
The killer bee is lightly wounded.
You miss the killer bee. You bite the killer bee.
The killer bee is almost dead.
The killer bee stings you!
* * * LOW HITPOINT WARNING * * *
The killer bee barely misses you.
You riposte.
You closely miss the killer bee.
The killer bee is lightly wounded.
The killer bee stings you.
* * * LOW HITPOINT WARNING * * *
The killer bee stings you!
* * * LOW HITPOINT WARNING * * *
* * * LOW HITPOINT WARNING * * *
You feel sick.
You barely miss the killer bee.
The killer bee is almost dead.
You die...

..............#####.....########.
..#...........# #..#..<........
.####.#.......#####....#.........
..###.................#########..
.....##.......######...## ###..
..##....................#####....
..........##.##.........##....#..
..#######.##.##............#####.
......###.##.##.@......#.........
.####......#.##.yy.....#......#..
.# ####.#.#..#..........####.#.#
.# ##.#.#...............##.... .#
#..#....................... .#
#.####..##..##...##....##.. .###
#.# #..##...........>.....
...####.####...#.................
##...##....#.#......#............


You could see 2 killer bees.

Vanquished Creatures
  2 orc priests (D:3)
  Terence (D:3)
  8 adders
  4 worms
  3 leopard geckos
  4 orcs (D:3)
  5 giant cockroaches
  3 goblins
  10 hobgoblins
  3 quokkas
  7 bats
  4 frilled lizards
  6 kobolds
  8 rats
68 creatures vanquished.

Notes
Turn   | Place    | Note
-------+----------+-------------------------------------------
     0 | D:1      | straycat the Vampire Wanderer began the quest for the Orb.
     0 | D:1      | straycat set off with: a +2 quarterstaff, a potion of lignification, a +0 falchion, a +0 robe, a potion of blood
     0 | D:1      | Reached XP level 1. HP: 20/20 MP: 1/1
   233 | D:1      | Found a snail-covered altar of Cheibriados.
   361 | D:1      | Reached XP level 2. HP: 20/26 MP: 2/2
  1116 | D:2      | Reached skill level 1 in Stealth
  1366 | D:2      | Reached XP level 3. HP: 23/31 MP: 3/3
  1758 | D:2      | Reached skill level 1 in Armour
  1821 | D:2      | HP: 1/31 [adder (4)]
  1821 | D:2      | Reached XP level 4. HP: 2/38 MP: 4/4
  1828 | D:2      | HP: 1/57 [poisoned by an adder]
  1835 | D:2      | HP: 2/57 [poisoned by an adder]
  3153 | D:3      | Noticed Terence
  3171 | D:3      | Killed Terence
  3171 | D:3      | Reached XP level 5. HP: 43/43 MP: 5/5
  3730 | D:3      | Found a bloodstained altar of Trog.
  3911 | D:3      | HP: 2/64 [killer bee (8)]
  3913 | D:3      | Succumbed to a killer bee's poison

Skill      XL: |  1  2  3  4  5 |
---------------+----------------+-----
Stealth        | 1 2 3 |  3.7
Dodging        | 2 3 |  3.1
Armour         | 1 |  1.7
Long Blades    | 2 |  2.8
Fighting       | |  4.9
Staves         | |  1.0
Shields        | |  1.7

Action                   |  1- 3 |  4- 6 || total
-------------------------+-------+-------++-------
Melee: Falchion          |    91 |    86 ||   177
       Bite              |     4 |    16 ||    20
       Dagger            |       |     8 ||     8
Throw: Javelin           |    17 |    25 ||    42
       Tomahawk          |     1 |       ||     1
       Stone             |       |     2 ||     2
 Abil: Evoke Berserk Rag |     2 |     2 ||     4
  Use: Scroll            |     2 |     9 ||    11
       Potion            |     5 |     7 ||    12
 Stab: Sleeping          |       |     4 ||     4
       Distracted        |       |     1 ||     1
Armor: Leather armour    |    17 |    23 ||    40
       Robe              |     2 |       ||     2
       Scale mail        |       |    14 ||    14
Dodge: Dodged            |    59 |    84 ||   143
       Rpst.: Falchion   |    17 |    31 ||    48
